 Dungeon Crawl Stone Soup version 0.29-a0-653-gd47aff6735 (webtiles) character file.

Game seed: 380910260904023920

21 vineage the Skirmisher (level 2, -1/24 HPs)
             Began as a Demonspawn Gladiator on June 21, 2022.
             Slain by Natasha (2 damage)
             ... on level 2 of the Dungeon.
             The game lasted 00:01:41 (1198 turns).

vineage the Skirmisher (Demonspawn Gladiator)       Turns: 1198, Time: 00:01:42

Health: -1/24      AC:  8    Str: 13 (14) XL:     2   Next: 65%
Magic:  2/2        EV:  9    Int:  8 (9)  God:
Gold:   133        SH:  0    Dex: 13 (14) Spells: 1/1 levels left

rFire   + . .      SeeInvis .   a - +0 flail
rCold   + . .      Faith    .   (no shield)
rNeg    . . .      Spirit   .   f - +0 scale mail
rPois   +          Reflect  .   c - +0 helmet
rElec   +          Harm     .   (no cloak)
rCorr   +          Rampage  .   (no gloves)
Will    .....                   k - +0 pair of boots
Stlth   ..........              (no amulet)
HPRegen 0.08/turn               (no ring)
MPRegen 0.08/turn               (no ring)

@: resistant, hasted and slowed, invisible
A: powered by pain 1
a: no special abilities


You were on level 2 of the Dungeon.
You visited 1 branch of the dungeon, and saw 2 of its levels.

You collected 133 gold pieces.

Inventory:

Hand Weapons
 a - a +0 flail (weapon)
Missiles
 d - 3 throwing nets (quivered)
 g - 6 javelins
Armour
 c - a +0 helmet (worn)
 f - a +0 scale mail (worn)
 k - a +0 pair of boots (worn)
Scrolls
 h - a scroll of noise {unknown}
 j - a scroll of immolation {unknown}


   Skills:
 + Level 3.3 Fighting
 - Level 2.6 Maces & Flails
 - Level 1.7 Throwing
 - Level 2.6 Dodging


You had one spell level left.
You didn't know any spells.
Your spell library was empty.

Dungeon Overview and Level Annotations

Branches:
Dungeon (2/15)

Altars:

Annotations:
D:2 Natasha


Innate Abilities, Weirdness & Mutations

You sometimes gain a little power by taking damage.


Message History

You are too injured to fight recklessly!
You are too injured to fight recklessly!
You are too injured to fight recklessly!
You are too injured to fight recklessly!
Okay, then.
Okay, then.
It was a potion of resistance.
You feel protected. Natasha claws you but does no damage.
It was a potion of invisibility.
You fade into invisibility!
Natasha closely misses you.
It was a potion of haste.
You feel yourself speed up. Natasha barely misses you.
It was a potion of degeneration.
There was something very wrong with that liquid.
You feel weakened.
You feel dopey.
You feel clumsy. Natasha closely misses you.
You hit Natasha but do no damage.
Natasha is moderately wounded.
Natasha claws you.
* * * LOW HITPOINT WARNING * * *
You hit Natasha.
Natasha is heavily wounded.
Natasha claws you.
* * * LOW HITPOINT WARNING * * *
You hit Natasha.
Natasha is almost dead.
Natasha casts a spell at you.
You feel yourself slow down.
You closely miss Natasha.
Natasha is almost dead.
Natasha closely misses you.
You barely miss Natasha.
Natasha is almost dead.
Natasha closely misses you.
You barely miss Natasha.
Natasha is almost dead.
Natasha claws you.
You die...

..?..#### ##########
#.......# #........##
#.......# #..........
#.......# #..........
#.......######..........
........................
#.......####.#..........
#.....h@.##....######...
########.##....# ####
#.##....# #.###.### #.#
#.# #.# #.# #.# #.#
#.###.# # . #..##.#.##.#


You could see Natasha.

Vanquished Creatures
  A dart slug (D:1)
  2 bats (D:1)
  3 endoplasms
  3 hobgoblins
  A kobold (D:1)
  2 quokkas (D:1)
  2 ball pythons (D:1)
  2 frilled lizards
  2 rats
18 creatures vanquished.

Notes
Turn   | Place    | Note
-------+----------+-------------------------------------------
     0 | D:1      | vineage the Demonspawn Gladiator began the quest for the
                  | Orb.
     0 | D:1      | Reached XP level 1. HP: 16/16 MP: 1/1
   430 | D:1      | Gained mutation: You sometimes gain a little power by
                  | taking damage. [demonic ancestry]
   430 | D:1      | Reached XP level 2. HP: 23/23 MP: 2/2
   509 | D:1      | Reached skill level 3 in Fighting
   651 | D:1      | Found a faded altar of an unknown god.
  1183 | D:2      | Noticed Natasha
  1194 | D:2      | HP: 1/24 [Natasha (4)]
  1198 | D:2      | Slain by Natasha

Illustrated notes

Levels and vault maps discovered:
D:1:      evilmike_arrival_plus, layout_basic,
          dreamdust_ecumenical_altar_hidden_monk_grotto
D:2:      layout_basic, minmay_tetromino_s4, uniq_natasha

Skill      XL: |  1  2 |
---------------+-------+-----
Fighting       | 3 |  3.3
Maces & Flails | |  2.6
Throwing       | |  1.7
Dodging        | |  2.6

Action                   || total
-------------------------++-------
Melee: Flail             ||    58
       Punch             ||     1
  Use: Potion            ||     4
       Scroll            ||     2
Armor: Leather armour    ||     4
       Scale mail        ||    21
Dodge: Dodged            ||    41

Table legend: (Time is in decaauts)
 A = Elapsed time spent in this place.
 B = Non-inter-level travel time spent in this place.
 C = Inter-level travel time spent in this place.
 D = Time resting spent in this place.
 E = Time spent auto-exploring this place.
 F = Levels seen in this place.
 G = Mean time per level.
                   A        B        C        D        E       F      G
               +--------+--------+--------+--------+--------+-----+--------+
         Total |   1212 |   1141 |     71 |      0 |    979 |   2 |  606.0 |
       Dungeon |   1212 |   1141 |     71 |      0 |    979 |   2 |  606.0 |
               +--------+--------+--------+--------+--------+-----+--------+

Top non-repeatable levels by time:
     D:1: 1019 daAuts
     D:2: 193 daAuts
